 Dungeon Crawl Stone Soup version 0.20.1-1-g8b1a95d (webtiles) character file.

23 vatarom the Unweaver (level 2, 0/24 HPs)
             Began as a Demonspawn Abyssal Knight on Sept 25, 2017.
             Was a Follower of Lugonu.
             Slain by a gnoll
             ... wielding a +0 spear
              (2 damage)
             ... on level 2 of the Dungeon.
             The game lasted 00:02:25 (1073 turns).

vatarom the Unweaver (Demonspawn Abyssal Knight)    Turns: 1073, Time: 00:02:26

Health: 0/24       AC:  3    Str: 12    XL:     2   Next: 75%
Magic:  4/4        EV: 11    Int: 13    God:    Lugonu [*.....]
Gold:   109        SH:  0    Dex: 17    Spells: 1/1 levels left

rFire    + . .     SeeInvis +   a - +1 falchion
rCold    . . .     Gourm    .   (no shield)
rNeg     . . .     Faith    .   b - +0 leather armour
rPois    .         Spirit   .   (no helmet)
rElec    .         Reflect  .   (no cloak)
rCorr    .         Harm     .   (no gloves)
MR       .....     Clarity  +   (no boots)
Stlth    ++........             (no amulet)
Regen    0.1/turn               h - +5 ring of dexterity
MPRegen  0.1/turn               (no ring)

@: no status effects
A: see invisible, clarity, fire resistance 1, nightstalker 1
a: Depart the Abyss, Renounce Religion


You were on level 2 of the Dungeon.
You worshipped Lugonu.
Lugonu was aware of your devotion.
You were not hungry.

You visited 1 branch of the dungeon, and saw 2 of its levels.
You visited the Abyss 1 time.

You collected 109 gold pieces.

Inventory:

Hand Weapons
 a - a +1 falchion (weapon)
Armour
 b - a +0 leather armour (worn)
Jewellery
 h - a +5 ring of dexterity (left hand)
Potions
 d - 3 potions of brilliance {unknown}
 e - 2 potions of curing
 i - a potion of resistance {unknown}
 k - a potion of degeneration {unknown}
Comestibles
 c - 2 bread rations
 f - a royal jelly
 j - a meat ration


   Skills:
 + Level 3.1 Fighting
 * Level 2.1 Long Blades
 - Level 1.7 Armour
 + Level 1.2 Dodging
 * Level 3.3 Invocations


You had one spell level left.
You didn't know any spells.

Dungeon Overview and Level Annotations

Branches:
Dungeon (2/15)

Altars:


Innate Abilities, Weirdness & Mutations

You are slightly more attuned to the shadows.
You have supernaturally acute eyesight. (SInv)
You possess an exceptional clarity of mind.
Your flesh is heat resistant. (rF+)


Message History

The gnoll is moderately wounded.
The gnoll hits you with a club!
You closely miss the gnoll.
The gnoll is moderately wounded.
The gnoll misses you.
You closely miss the gnoll.
The gnoll is moderately wounded.
The gnoll hits you from afar with a spear.
The gnoll barely misses you.
You hit the gnoll.
The gnoll is severely wounded.
The gnoll closely misses you. The gnoll hits you with a club.
The gnoll hits you but does no damage.
You hit the gnoll.
You kill the gnoll!
Lugonu accepts your kill.
The gnoll hits you from afar with a spear!
* * * LOW HITPOINT WARNING * * *
The gnoll hits you with a spear.
You die...

#.####....#
#....#....# #
#..#.#....#
.#.........######
...............>#
#.##......#.#.####
##.........#.#.#
......#....#.#.#
......#..###.#@#
.....#......#g#
#....#.####g#
#<...#.# .g.
##...#.. #.#
#....# .. #.#
#.#..# .#...
#.#..# #.#..#


You could see 3 gnolls.

Vanquished Creatures
  A gnoll (D:2)
  A dart slug (D:1)
  2 bats (D:1)
  2 giant cockroaches (D:1)
  A goblin (D:1)
  2 kobolds (D:1)
  4 rats (D:1)
13 creatures vanquished.

Notes
Turn   | Place    | Note
-------+----------+-------------------------------------------
     0 | Abyss:1  | vatarom the Demonspawn Abyssal Knight began the quest for the Orb.
     0 | Abyss:1  | Reached XP level 1. HP: 18/18 MP: 2/2
     4 | Abyss:1  | Found a sparkling altar of Nemelex Xobeh.
    61 | Abyss:1  | Noticed a deep elf sorcerer
    66 | Abyss:2  | Found a corrupted altar of Lugonu.
    90 | Abyss:2  | Noticed a large abomination
    96 | Abyss:2  | Noticed a spiny frog zombie
   103 | Abyss:2  | Found a corrupted altar of Lugonu.
   146 | Abyss:2  | Noticed a neqoxec
   148 | Abyss:2  | Gained mutation: You tend to lose your temper in combat. [a neqoxec]
   149 | Abyss:2  | Gained mutation: You are frail. (-10% HP) [a neqoxec]
   152 | Abyss:2  | Noticed a crimson imp
   154 | Abyss:2  | Noticed an iron imp
   165 | Abyss:2  | Noticed a purple draconian
   176 | Abyss:2  | Noticed a water elemental
   189 | Abyss:2  | Noticed a crimson imp
   189 | Abyss:2  | Noticed a quasit
   189 | D:1      | Escaped the Abyss
   392 | D:1      | Reached skill level 1 in Dodging
   453 | D:1      | Lost mutation: You are frail. (-10% HP) [potion of mutation]
   453 | D:1      | Lost mutation: You tend to lose your temper in combat. [potion of mutation]
   453 | D:1      | Gained mutation: Your flesh is heat resistant. (rF+) [potion of mutation]
   453 | D:1      | Gained mutation: You have supernaturally acute eyesight. (SInv) [potion of mutation]
   453 | D:1      | Gained mutation: You possess an exceptional clarity of mind. [potion of mutation]
   750 | D:1      | Gained mutation: You are slightly more attuned to the shadows. [demonic ancestry]
   750 | D:1      | Reached XP level 2. HP: 24/24 MP: 4/4
  1073 | D:2      | Slain by a gnoll

Skill      XL: |  1  2 |
---------------+-------+-----
Dodging        | 1 |  1.2
Long Blades    | 2 |  2.1
Invocations    | 3 |  3.3
Fighting       | |  3.1
Armour         | |  1.7

Action                   || total
-------------------------++-------
Melee: Falchion          ||    36
  Use: Scroll            ||     2
       Potion            ||     2
 Stab: Sleeping          ||     2
Armor: Leather armour    ||    21
Dodge: Dodged            ||    36
       Rpst.: Falchion   ||    14
